 Dungeon Crawl Stone Soup version 0.22.1-1-ga44c0e5 (webtiles) character file.

47 Loudmushroom the Shield-Bearer (level 3, -1/24 HPs)
             Began as a Gargoyle Fighter on Sept 27, 2018.
             Killed by divine providence
             ... invoked by an orc priest
              (14 damage)
             ... on level 2 of the Dungeon.
             The game lasted 00:05:56 (1393 turns).

Loudmushroom the Shield-Bearer (Gargoyle Fighter)   Turns: 1393, Time: 00:05:56

Health: -1/24      AC: 10    Str: 20    XL:     3   Next: 70%
Magic:  3/3        EV:  7    Int:  8    God:
Gold:   84         SH:  9    Dex:  9    Spells: 2/2 levels left

rFire    . . .     SeeInvis .   a - +0 war axe
rCold    . . .     Gourm    .   c - +0 shield
rNeg     + . .     Faith    .   b - +0 scale mail
rPois    ∞         Spirit   .   (no helmet)
rElec    +         Reflect  .   (no cloak)
rCorr    .         Harm     .   (no gloves)
MR       .....                  (no boots)
Stlth    ..........             (no amulet)
HPRegen  0.08/turn              (no ring)
MPRegen  0.08/turn              (no ring)

@: no status effects
A: negative energy resistance 1, electricity resistance, unbreathing,
petrification resistance, rot immunity, AC +3
a: no special abilities


You were on level 2 of the Dungeon.
You were not hungry.

You visited 1 branch of the dungeon, and saw 2 of its levels.

You collected 84 gold pieces.

Inventory:

Hand Weapons
 a - a +0 war axe (weapon)
 j - a +0 hunting sling
 q - a +2 mace of protection
 s - a +0 spear
 v - a +0 spear
Missiles
 e - 85 stones (quivered)
 r - 14 bolts
Armour
 b - a +0 scale mail (worn)
 c - a +0 shield (worn)
Jewellery
 i - an uncursed ring of ice {unknown}
 p - an uncursed amulet of magic regeneration {unknown}
Scrolls
 h - 3 scrolls of identify {unknown}
 l - a scroll of random uselessness {unknown}
 m - 3 scrolls of remove curse {unknown}
 n - a scroll of immolation {unknown}
 t - a scroll of enchant weapon {unknown}
Potions
 d - a potion of might
 k - a potion of heal wounds {unknown}
 o - a potion of agility {unknown}
 u - a potion of flight {unknown}
 w - a potion of lignification {unknown}
Comestibles
 f - 5 rations
 g - 4 chunks of flesh


   Skills:
 + Level 3.6 Fighting
 * Level 2.6 Axes
 + Level 3.6 Armour
 + Level 3.7 Shields


You had 2 spell levels left.
You didn't know any spells.
Your spell library was empty.

Dungeon Overview and Level Annotations

Branches:
Dungeon (2/15)

Altars:


Innate Abilities, Weirdness & Mutations

You are resistant to torment.
Your stone body is resilient. (AC +3)
You are immune to poison.
You resist negative energy. (rN+)
You are resistant to electric shocks. (rElec)
You can survive without breathing.
You are immune to petrification.
You are immune to rotting.


Message History

The orc shouts! x2; You hear a shout!
Some of the chunks of flesh in your inventory have rotted away.
An orc priest comes into view. It is wielding a club.
An orc priest comes into view. It is wielding an enchanted flail.
The orc hits you with a war axe.
Your shield and scale mail prevent you from hitting the orc.
The orc hits you but does no damage.
You hit the orc.
The orc is heavily wounded.
The orc hits you with a war axe! The orc hits you but does no damage.
You closely miss the orc.
The orc is heavily wounded.
The orc hits you but does no damage.
You barely miss the orc.
The orc is heavily wounded.
You block the orc's attack.
The orc priest invokes the aid of Beogh against you.
Beogh smites you!
Ouch! That really hurt!
You die...

#............##
#.#####.####.#
#.# # #)###
#...# #...#
##..#
##.######..##.#
...oooo@......#
#########.#####
#.# #.# #.# #.#
#.# .#


You could see 2 orc priests and 2 orcs.

Vanquished Creatures
  An adder (D:2)
  A worm (D:2)
  2 dart slugs
  A leopard gecko (D:1)
  A giant cockroach (D:2)
  2 goblins
  4 hobgoblins
  6 kobolds
  A ball python (D:1)
  7 bats
  2 frilled lizards (D:1)
  2 rats (D:1)
30 creatures vanquished.

Notes
Turn   | Place    | Note
-------+----------+-------------------------------------------
     0 | D:1      | Loudmushroom the Gargoyle Fighter began the quest for the
                  | Orb.
     0 | D:1      | Reached XP level 1. HP: 14/14 MP: 1/1
   255 | D:1      | Reached XP level 2. HP: 18/19 MP: 2/2
   799 | D:1      | Reached XP level 3. HP: 23/23 MP: 3/3
  1393 | D:2      | Killed from afar by an orc priest

Skill      XL: |  1 |
---------------+----+-----
Axes           | 2 |  2.6
Fighting       | |  3.6
Armour         | |  3.6
Shields        | |  3.7

Action                   || total
-------------------------++-------
Melee: War axe           ||   146
  Eat: Chunk             ||     2
Armor: Scale mail        ||    78
Dodge: Dodged            ||    50
Block: Shield            ||   108
